Map: [ESL] Waterfall

Players

Solar

  • Race: Zerg Zerg
  • Spawn Location: 7:00

Kelazhur - Winner!

  • Race: Terran Terran
  • Spawn Location: 1:00

Event: TSL 9

VOD

Have the link to the VOD?

Description

Time

  • Played on: Aug. 6, 2022, 6:20 a.m.
  • Length: 14:18

All games in this series

Show
View Real Time Build Order
Export as new Build Order

Solar Zerg 

Build Orders: Hatch First, Lurkers 

Get SALT Encoding   

  12  0:00  Drone  
  13  0:12  Overlord  
  13  0:17  Drone  
  14  0:31  Drone x2  
  16  0:47  Hatchery  
  15  0:52  Drone  
  15  0:54  Drone  
  17  0:58  Drone  
  18  1:08  Extractor  
  17  1:13  Spawning Pool  
  17  1:16  Drone  
  17  1:20  Drone  
  18  1:28  Drone  
  19  1:38  Drone  
  20  1:51  Drone  
  21  2:00  Queen  
  21  2:01  Zergling x4, Queen  
  27  2:13  Zergling x2, Overlord  
  28  2:24  Hatchery  
  28  2:26  Drone  
  28  2:33  Drone x2  
  30  2:40  Queen  
  32  2:47  Overlord  
  34  2:51  Drone x2  
  34  2:54  Metabolic Boost  
  34  2:58  Drone  
  34  3:00  Drone  
  36  3:06  Drone x2  
  36  3:11  Drone x3  
  41  3:18  Queen  
  43  3:22  Overlord  
  43  3:24  Drone  
  44  3:30  Overlord  
  44  3:36  Queen  
  44  3:38  Queen  
  49  3:41  Drone  
  49  3:50  Drone x4  
  49  3:52  Drone  
  54  3:56  Overlord  
  54  3:58  Drone x2  
  54  3:59  Drone x2  
  54  4:00  Drone  
  59  4:03  Drone x2  
  59  4:09  Zergling x2  
  62  4:10  Spore Crawler, Overlord  
  62  4:14  Queen  
  63  4:19  Queen  
  63  4:23  Drone, Overlord  
  66  4:25  Overlord  
  66  4:30  Drone x3  
  69  4:31  Drone  
  69  4:34  Zergling x4  
  72  4:41  Zergling x2  
  72  4:43  Lair  
  73  4:46  Zergling x2  
  73  4:47  Zergling x6, Baneling Nest  
  73  4:49  Extractor  
  73  4:50  Drone x2  
  73  4:51  Extractor  
  73  4:52  Drone  
  77  4:58  Queen  
  79  5:02  Drone x5  
  79  5:04  Overlord  
  79  5:07  Overlord  
  84  5:08  Drone  
  84  5:09  Drone  
  84  5:12  Drone  
  84  5:13  Spore Crawler  
  86  5:18  Drone  
  86  5:19  Drone  
  86  5:20  Drone  
  89  5:23  Overlord  
  89  5:24  Drone x2  
  89  5:28  Drone x2  
  91  5:30  Drone x2  
  91  5:33  Overlord  
  94  5:36  Drone, Evolution Chamber  
  94  5:37  Drone  
  94  5:39  Drone  
  94  5:40  Evolution Chamber  
  94  5:42  Drone x3  
  97  5:44  Drone  
  97  5:48  Centrifugal Hooks  
  98  5:50  Overlord  
  98  5:56  Extractor x2  
  96  6:02  Zergling x8  
  99  6:14  Zergling x2  
  99  6:15  Zergling x8  
  94  6:19  Zergling x12  
  94  6:22  Zerg Ground Armor Level 1  
  94  6:24  Zergling x4  
  103  6:25  Zergling x2  
  103  6:29  Zerg Melee Weapons Level 1  
  103  6:30  Hatchery  
  103  6:32  Overlord  
  102  6:34  Drone  
  102  6:36  Drone  
  104  6:43  Zergling x2  
  104  6:46  Drone  
  106  6:48  Zergling x2, Hydralisk Den  
  106  6:50  Drone x2  
  106  6:51  Zergling x14  
  106  6:53  Baneling x8  
  106  6:54  Baneling x2  
  115  6:56  Overlord  
  115  6:58  Zergling x2  
  116  7:02  Zergling x2  
  116  7:04  Baneling x3  
  116  7:07  Zergling x2  
  117  7:11  Drone x2  
  119  7:20  Zergling x8  
  119  7:22  Drone  
  124  7:23  Drone  
  124  7:24  Drone  
  124  7:25  Drone x2  
  124  7:26  Drone x3  
  124  7:27  Grooved Spines  
  131  7:31  Overlord  
  131  7:33  Drone  
  132  7:37  Drone  
  132  7:41  Baneling x2  
  132  7:43  Drone  
  134  7:45  Drone  
  134  7:48  Zergling x2  
  134  7:49  Zergling x8  
  135  7:54  Zergling x14  
  135  7:56  Hatchery  
  140  8:00  Overlord  
  140  8:01  Drone  
  141  8:10  Drone x2, Overlord, Extractor  
  141  8:11  Overlord  
  141  8:12  Infestation Pit  
  141  8:15  Zergling x4  
  141  8:16  Zergling x6, Overseer, Pneumatized Carapace  
  141  8:19  Extractor  
  145  8:20  Hydralisk x4  
  145  8:22  Spore Crawler  
  145  8:24  Zergling x2  
  154  8:28  Drone x2  
  154  8:33  Zergling x2  
  154  8:38  Muscular Augments  
  154  8:40  Zerg Melee Weapons Level 2, Zerg Ground Armor Level 2  
  153  8:41  Zergling x4  
  153  8:42  Zergling x12  
  153  8:47  Hydralisk x4, Lurker Den  
  153  8:48  Zergling x8  
  169  8:51  Hive, Overlord  
  169  8:55  Drone  
  171  8:57  Baneling  
  171  8:58  Zergling x4, Baneling x5  
  173  9:05  Drone x2  
  173  9:07  Overlord  
  174  9:11  Zergling x10  
  174  9:15  Hydralisk x2  
  183  9:18  Drone x3, Overlord  
  183  9:19  Drone  
  183  9:20  Drone x2  
  183  9:22  Zergling x2  
  183  9:23  Overlord  
  183  9:24  Baneling x11  
  189  9:27  Zergling x10  
  194  9:32  Overseer  
  194  9:34  Zergling x6  
  194  9:35  Baneling x12  
  194  9:36  Baneling x2  
  195  9:44  Zergling x6  
  195  9:45  Zergling x2  
  197  9:56  Zergling x2  
  197  9:57  Zergling x12  
  197  10:00  Hydralisk  
  156  10:09  Hydralisk x3  
  156  10:10  Zergling x12  
  156  10:13  Baneling x6  
  156  10:14  Zergling x4  
  149  10:18  Zergling x8  
  149  10:19  Viper  
  149  10:20  Viper  
  158  10:21  Seismic Spines  
  158  10:22  Zergling x6  
  158  10:25  Zergling x4  
  162  10:32  Zergling x2  
  162  10:34  Baneling x8  
  151  10:36  Zergling x8  
  151  10:37  Queen x2  
  155  10:44  Overseer  
  155  10:47  Zergling x12  
  157  10:54  Overlord  
  157  10:55  Overlord  
  157  10:56  Overlord  
  152  11:02  Overlord  
  138  11:04  Overlord  
  138  11:06  Adrenal Glands  
  138  11:07  Zergling x6  
  138  11:11  Zergling x6  
  134  11:14  Zergling x2, Extractor  
  134  11:16  Zergling x2  
  134  11:17  Zergling x2  
  136  11:18  Adaptive Talons  
  136  11:19  Hatchery  
  136  11:20  Baneling  
  136  11:21  Baneling x10  
  136  11:22  Zergling x2  
  136  11:27  Zergling x4  
  136  11:30  Zerg Missile Weapons Level 1  
  138  11:33  Zergling x4  
  138  11:34  Extractor  
  138  11:35  Spore Crawler  
  138  11:36  Zergling x2  
  138  11:38  Extractor, Overlord  
  139  11:40  Zergling x2  
  139  11:41  Lurker  
  139  11:42  Lurker, Extractor  
  139  11:43  Zergling x2  
  139  11:45  Baneling x2  
  140  11:47  Zergling x2  
  140  11:50  Zergling x16  
  149  11:56  Zergling x2  
  150  12:05  Zergling x10  
  150  12:08  Baneling x4  
  153  12:13  Zergling x6  
  154  12:18  Hydralisk x2  
  154  12:22  Baneling x2  
  155  12:23  Baneling x5  
  155  12:26  Zergling x16  
  155  12:27  Hydralisk x2  
  167  12:30  Baneling x2  
  167  12:33  Zergling x8  
  171  12:38  Overlord  
  171  12:39  Overlord  
  171  12:40  Overlord  
  171  12:42  Baneling x9  
  171  12:43  Overlord  
  171  12:45  Baneling x3  
  151  12:52  Zergling x2  
  151  12:53  Zergling x8  
  151  12:55  Lurker x2  
  151  12:56  Zergling x2  
  154  12:59  Zergling x2  
  154  13:00  Zergling x10  
  154  13:02  Lurker  
  154  13:03  Zergling x6  
  159  13:10  Zergling x8  
  159  13:11  Zergling x2  
  134  13:13  Baneling  
  134  13:14  Baneling x11  
  134  13:15  Hydralisk  
  134  13:19  Zergling x4  
  122  13:22  Zergling x4  
  122  13:26  Hydralisk x3  
  127  13:27  Baneling x4  
  127  13:28  Zergling x2, Baneling, Queen  
  127  13:29  Queen x2  
  134  13:36  Overseer  
  134  13:37  Zergling x18  
  134  13:39  Baneling x6  
  128  13:49  Overlord  
  128  13:52  Hydralisk x4  
  122  13:58  Zergling x6  
Show
View Real Time Build Order
Export as new Build Order

Kelazhur Terran - Winner!

Build Orders: Reaper Expand 

Get SALT Encoding   

  12  0:00  SCV  
  13  0:12  SCV  
  14  0:19  Supply Depot  
  14  0:24  SCV  
  15  0:41  SCV  
  16  0:42  Barracks  
  16  0:43  Refinery  
  16  0:53  SCV  
  17  1:05  SCV  
  18  1:17  SCV  
  19  1:30  Reaper, Orbital Command  
  20  1:39  Command Center  
  20  1:53  Supply Depot  
  20  1:55  SCV  
  21  2:02  Marine  
  21  2:04  Factory  
  21  2:08  SCV  
  23  2:20  SCV  
  24  2:22  Barracks Reactor  
  24  2:32  SCV  
  26  2:44  SCV  
  26  2:45  Command Center  
  26  2:53  Orbital Command  
  26  2:56  SCV  
  27  3:05  Starport  
  27  3:08  SCV  
  27  3:11  Hellion x2  
  32  3:14  Refinery  
  32  3:20  SCV x2  
  34  3:28  Supply Depot  
  34  3:32  SCV x2  
  34  3:33  Hellion  
  38  3:36  Hellion  
  40  3:42  Viking  
  40  3:44  SCV  
  40  3:46  SCV  
  44  3:56  SCV  
  44  3:57  Orbital Command  
  44  3:59  Hellion  
  44  4:01  Hellion, Barracks Tech Lab  
  49  4:04  SCV  
  49  4:08  SCV  
  51  4:16  SCV  
  52  4:20  Liberator  
  52  4:21  SCV, Marine  
  57  4:25  SCV  
  57  4:27  Stimpack  
  57  4:28  SCV  
  58  4:33  SCV  
  58  4:35  Hellion x2  
  58  4:37  SCV  
  64  4:44  SCV, Barracks  
  64  4:45  SCV  
  66  4:46  Barracks  
  66  4:48  Supply Depot x2  
  66  4:52  SCV  
  67  4:56  SCV  
  67  4:57  SCV  
  69  5:02  Orbital Command  
  69  5:04  Engineering Bay x2  
  69  5:05  Refinery x2  
  69  5:09  SCV, Marine  
  69  5:10  Hellion x2  
  69  5:12  SCV  
  76  5:14  Supply Depot  
  76  5:17  Starport Reactor  
  76  5:23  SCV  
  76  5:24  SCV  
  76  5:27  Marine  
  80  5:28  SCV  
  80  5:35  SCV  
  80  5:38  SCV  
  80  5:39  Marine  
  80  5:41  Factory Tech Lab  
  79  5:43  Marine x2  
  79  5:44  SCV  
  79  5:45  Marine  
  79  5:46  Terran Infantry Armor Level 1, Terran Infantry Weapons Level 1  
  79  5:48  SCV  
  84  5:50  SCV  
  84  5:56  SCV, Barracks  
  83  5:57  Barracks  
  83  6:00  SCV, Siege Tank  
  87  6:04  SCV  
  87  6:05  Marine x3  
  87  6:09  SCV  
  87  6:10  Starport Reactor  
  88  6:15  Marine x2  
  88  6:17  SCV  
  89  6:18  SCV  
  89  6:20  Combat Shield  
  89  6:23  Marine x2  
  89  6:25  Armory, Marine  
  90  6:26  SCV  
  90  6:29  SCV  
  90  6:30  Supply Depot  
  90  6:31  Supply Depot  
  90  6:32  Command Center  
  93  6:45  SCV x3, Marine x4  
  93  6:46  Barracks Reactor  
  93  6:47  Barracks Reactor  
  100  6:50  Missile Turret  
  100  6:51  Medivac x2, Siege Tank  
  107  6:55  Supply Depot  
  107  6:56  Marine  
  107  6:57  Supply Depot, SCV x2  
  107  7:00  SCV  
  111  7:02  Marine  
  111  7:07  Refinery, Factory, Marine  
  111  7:08  Marine  
  114  7:10  Marine  
  114  7:14  Marine  
  116  7:20  Marine  
  117  7:23  Medivac x2, Siege Tank  
  117  7:24  Marine  
  117  7:25  Marine x3  
  117  7:28  Supply Depot, Marine  
  129  7:30  Supply Depot  
  129  7:32  Marine  
  129  7:34  SCV x2  
  129  7:37  Refinery, Marine  
  132  7:42  Supply Depot  
  132  7:43  Supply Depot, Marine x3  
  136  7:51  Marine x3  
  137  7:53  SCV x2  
  140  7:59  Terran Infantry Armor Level 2, Terran Infantry Weapons Level 2  
  140  8:02  Marine  
  140  8:03  Marauder, Marine  
  140  8:04  Marine  
  145  8:07  Marine  
  145  8:08  Medivac x2  
  150  8:13  Marine  
  150  8:16  SCV x2  
  150  8:17  Sensor Tower  
  150  8:18  Factory Reactor  
  153  8:20  Marine x4  
  153  8:21  Marine  
  153  8:22  Marine  
  153  8:24  Widow Mine, Marine, Drilling Claws  
  162  8:34  Marine x2  
  162  8:35  SCV x3, Planetary Fortress  
  162  8:38  Marine x4  
  162  8:39  Marine  
  172  8:45  Widow Mine  
  172  8:49  Marine  
  172  8:50  Marauder  
  172  8:52  Marine x2  
  172  8:53  Medivac  
  179  8:56  Marine  
  179  8:58  Supply Depot, Terran Vehicle And Ship Armor Level 1  
  179  8:59  Supply Depot  
  179  9:00  Supply Depot  
  180  9:08  Marine  
  180  9:14  Marine  
  180  9:15  Marine  
  180  9:19  Marine x4  
  180  9:20  Widow Mine x2, Marine  
  180  9:21  Medivac, Widow Mine, Marauder  
  195  9:26  Barracks x2  
  195  9:27  Barracks  
  195  9:29  Concussive Shells, Marine  
  196  9:41  Widow Mine  
  196  9:42  Marauder  
  198  9:48  Marine  
  198  9:49  Marine  
  200  9:53  Command Center  
  200  9:55  Ghost Academy, Command Center  
  171  10:09  Marine x8  
  171  10:10  Marauder  
  171  10:11  Widow Mine x2  
  171  10:14  Barracks Tech Lab x2  
  168  10:15  Barracks Tech Lab  
  168  10:18  Medivac x2  
  168  10:21  Siege Tank  
  175  10:27  Marine x5  
  179  10:33  Marauder, Marine  
  161  10:38  Widow Mine x2  
  161  10:39  Marauder, Marine  
  168  10:48  Medivac x2, Marauder  
  168  10:49  Marauder, Marine  
  171  10:50  Terran Infantry Weapons Level 3, Marine  
  171  10:53  Widow Mine, Marine x3  
  171  10:55  Marauder  
  171  10:57  Marine  
  173  11:00  Marauder  
  173  11:01  Marine x2  
  152  11:06  Marine  
  152  11:07  Marine  
  152  11:09  Marine  
  152  11:10  Marine  
  152  11:11  Marine x3  
  143  11:12  Widow Mine x2  
  143  11:14  Marine  
  143  11:15  Marine  
  143  11:17  Terran Infantry Armor Level 3  
  143  11:18  Medivac x2, Terran Vehicle And Ship Armor Level 2  
  148  11:19  Marine x2  
  148  11:21  Marine  
  148  11:22  SCV x2  
  148  11:24  SCV x2, Marine  
  159  11:25  Marine  
  159  11:27  Orbital Command, Marine  
  159  11:28  Marine x2  
  159  11:29  Marine  
  159  11:30  Siege Tank  
  166  11:32  Marine  
  166  11:33  Marine  
  166  11:34  Marauder  
  170  11:42  Marine  
  170  11:43  Marauder  
  170  11:46  Widow Mine  
  170  11:47  Widow Mine  
  177  11:52  Marauder, Marine x8  
  177  11:54  Planetary Fortress  
  187  11:55  Marine  
  187  12:00  Marine  
  189  12:04  Marauder  
  191  12:09  Marine  
  191  12:10  Marine x2  
  191  12:14  Marauder  
  200  12:16  Widow Mine x2  
  200  12:18  Marauder x2  
  198  12:23  Marine x2  
  198  12:28  Refinery  
  198  12:29  Refinery  
  200  12:30  Command Center  
  200  12:31  Sensor Tower, Factory  
  181  12:53  Marine  
  181  12:54  Marauder  
  181  12:55  Widow Mine x2, Siege Tank  
  181  12:56  Marauder, Marine  
  189  13:00  Liberator x2  
  195  13:08  Marine  
  195  13:09  Marauder, Marine x6  
  195  13:11  Marine  
  185  13:14  Marine  
  185  13:15  Marauder  
  185  13:18  Marauder  
  188  13:26  Marine  
  188  13:27  Marine x6  
  189  13:29  Marine  
  189  13:30  Marine  
  189  13:31  Widow Mine, Marine  
  189  13:33  Factory Tech Lab  
  200  13:47  Marine  
  199  13:52  Marauder  
  199  13:53  Widow Mine  
  199  13:54  Marauder x2, Marine x5  
Tags
 
Add a new tag
Caveats
  • Supply blocks, unpowered buildings, or Contaminate may cause inaccurate times.
  • Supply counts are checked every 10 seconds.